 Dungeon Crawl Stone Soup version 0.19-a0-1823-g21c7ecd (console) character file.

161 Gottschkopf the Magician (level 5, 0/28 HPs)
             Began as a Deep Elf Earth Elementalist on Oct 7, 2016.
             Slain by a gnoll (7 damage)
             ... on level 3 of the Dungeon.
             The game lasted 00:05:58 (2583 turns).

Gottschkopf the Magician (DEEE)                     Turns: 2583, Time: 00:05:59

Health: 0/28       AC:  2    Str:  5    XL:     5   Next: 18%
Magic:  7/16       EV:  7    Int: 21    God:
Gold:   99         SH:  0    Dex: 15    Spells: 4 memorised, 8 levels left

rFire  . . .     SeeInvis .     b - 48 stones
rCold  . . .     Gourm    .     c - +0 robe
rNeg   . . .     Faith    .     (no shield)
rPois  .         Spirit   .     (no helmet)
rElec  .         Dismiss  .     (no cloak)
rCorr  .         Reflect  .     (no gloves)
MR     +....     Harm     .     (no boots)
Stlth  ++........               (no amulet)
                                j - ring of protection from magic
                                l - ring of wizardry

@: held
A: no striking features
a: no special abilities


You were on level 3 of the Dungeon.
You were not hungry.

You visited 1 branch of the dungeon, and saw 3 of its levels.

You collected 99 gold pieces.

Inventory:

Hand Weapons
 a - a +0 dagger of holy wrath
Missiles
 b - 48 stones (in hand)
Armour
 c - a +0 robe (worn)
Jewellery
 j - a ring of protection from magic (right hand)
 l - a ring of wizardry (left hand)
Scrolls
 f - 4 scrolls of identify {unknown}
 g - a scroll of amnesia {unknown}
 i - a scroll of remove curse {unknown}
 s - a scroll of teleportation {unknown}
Potions
 k - a potion of haste {unknown}
 n - 4 potions of curing {unknown}
 p - a potion of might {unknown}
 q - 2 potions of agility {unknown}
Books
 e - a book of Geomancy

   Spells                             Type                      Level
   a - Sandblast                      Earth                        1
   b - Passwall                       Transmutation/Earth          2
   c - Stone Arrow                    Conjuration/Earth            3
   d - Petrify                        Transmutation/Earth          4
   e - Lee's Rapid Deconstruction     Earth                        5
Comestibles
 d - 3 bread rations
 h - a slice of pizza
 m - a meat ration
 o - 3 beef jerkies


   Skills:
 - Level 2.4 Dodging
 - Level 2.4 Stealth
 + Level 7.3 Spellcasting
 - Level 1.1 Transmutations
 - Level 3.2 Earth Magic


You had 8 spell levels left.
You knew the following spells:

 Your Spells              Type           Power        Failure   Level  Hunger
a - Sandblast             Erth           ###...       1%          1    None
b - Passwall              Tmut/Erth      ###.......   2%          2    None
c - Stone Arrow           Conj/Erth      ##....       7%          3    None
d - Petrify               Tmut/Erth      ###.....     14%         4    ###....


Dungeon Overview and Level Annotations

Branches:
Dungeon (3/15)

Altars:
Kikubaaqudgha


Message History

The gnoll hits you from afar with a spear.
Casting: Sandblast
Confirm with . or Enter, or press ? or * to list all spells.
Aiming: Sandblast
Press: ? - help, Shift-Dir - straight line, f/p - gnoll
Aim: a gnoll, wielding a spear (moderately wounded)
The rocky blast hits the gnoll.
The gnoll is almost dead.
The gnoll hits you.
The gnoll hits you from afar with a spear!
* * * LOW HITPOINT WARNING * * *
Casting: Sandblast
Confirm with . or Enter, or press ? or * to list all spells.
Aiming: Sandblast
Press: ? - help, Shift-Dir - straight line, f/p - gnoll
Aim: a gnoll, wielding a spear (almost dead)
The rocky blast hits the gnoll.
You kill the gnoll!
The gnoll hits you!
You die...

.... ...#
..... #####
..... #...#
...... #...#
#)....# #.<.#
##.....#
#...######@g#
#..........##
#...########
##...#
##....#
####.....#
#........#
##########


You could see a gnoll.

Vanquished Creatures
  9 gnolls
  2 adders (D:2)
  An ooze (D:2)
  2 worms (D:2)
  A dart slug (D:1)
  A leopard gecko (D:2)
  11 bats
  2 giant cockroaches (D:2)
  5 hobgoblins
  A ball python (D:1)
  4 frilled lizards
  5 goblins
  8 rats
52 creatures vanquished.

Notes
Turn   | Place    | Note
-------+----------+-------------------------------------------
     0 | D:1      | Gottschkopf the Deep Elf Earth Elementalist began the quest for the Orb.
     0 | D:1      | Reached XP level 1. HP: 10/10 MP: 6/6
   374 | D:1      | Reached skill level 4 in Spellcasting
   374 | D:1      | Reached XP level 2. HP: 15/15 MP: 7/9
   380 | D:1      | Learned a level 2 spell: Passwall
  1107 | D:2      | Found an ancient bone altar of Kikubaaqudgha.
  1257 | D:2      | Reached XP level 3. HP: 18/19 MP: 8/11
  1271 | D:2      | Learned a level 3 spell: Stone Arrow
  1367 | D:2      | Reached skill level 5 in Spellcasting
  1805 | D:2      | Reached skill level 6 in Spellcasting
  1805 | D:2      | Reached XP level 4. HP: 21/24 MP: 4/14
  1812 | D:2      | Learned a level 4 spell: Petrify
  2453 | D:2      | Reached skill level 7 in Spellcasting
  2579 | D:3      | Reached XP level 5. HP: 24/28 MP: 10/16
  2583 | D:3      | Slain by a gnoll

Vault maps used:
D:1:      dpeg_arrival_subterranean_lakeside_camping,
          corexii_item_surrounded_by_moat
D:2:      kiku_gazebo_pond_becter, minmay_hexomino_p4
D:3:      nicolae_overflow_crystal_walls, marbit_many_paths,
          overflow_temple_1_default, okawaru_ov_weapons_minmay, first_bread,
          uniq_iyjb

Skill      XL: |  1  2  3  4 |
---------------+-------------+-----
Spellcasting   | 4 6 7 |  7.3
Dodging        | |  2.4
Stealth        | |  2.4
Transmutations | |  1.1
Earth Magic    | |  3.2

Action                   |  1- 3 |  4- 6 || total
-------------------------+-------+-------++-------
Melee: Dagger            |    21 |    12 ||    33
 Cast: Sandblast         |    63 |    29 ||    92
       Stone Arrow       |     1 |     4 ||     5
 Stab: Sleeping          |     3 |     1 ||     4
  Eat: Chunk             |     3 |     2 ||     5
Armor: Robe              |    16 |     2 ||    18
Dodge: Dodged            |    45 |    13 ||    58
